 Dungeon Crawl Stone Soup version 0.21-a0-504-g2eda330 (webtiles) character file.

811 kae the Ruffian (level 7, -6/70 HPs)
             Began as a Troll Monk on Nov 26, 2017.
             Mangled by dvd's ghost (10 damage)
             ... on level 5 of the Dungeon.
             The game lasted 00:04:28 (3632 turns).

kae the Ruffian (Troll Monk)                        Turns: 3632, Time: 00:04:29

Health: -6/70      AC:  6    Str: 20    XL:     7   Next: 61%
Magic:  6/6        EV: 12    Int:  6    God:
Gold:   228        SH:  0    Dex: 14    Spells: 6/6 levels left

rFire    + . .     SeeInvis .     - Unarmed
rCold    + . .     Gourm    +   (no shield)
rNeg     + . .     Faith    .   a - +1 robe
rPois    .         Spirit   .   (helmet restricted)
rElec    .         Reflect  .   q - scarf {rC+ rF+}
rCorr    .         Harm     .   (gloves unavailable)
MR       .....                  (boots unavailable)
Stlth    ++........             j - amulet of magic regeneration
HPRegen  0.61/turn              g - ring of positive energy
MPRegen  0.35/turn              (no ring)

@: no status effects
A: large, unfitting armour, claws 3, fast metabolism 3, gourmand, regeneration
1, shaggy fur 1, tough skin 2
a: no special abilities


You were on level 5 of the Dungeon.
You were very full.

You visited 1 branch of the dungeon, and saw 5 of its levels.

You collected 228 gold pieces.

Inventory:

Armour
 a - a +1 robe (worn)
 q - a scarf of resistance (worn)
Jewellery
 g - a ring of positive energy (left claw)
 i - an uncursed ring of protection from cold
 j - an amulet of magic regeneration (around neck)
Wands
 d - a wand of iceblast (13)
 s - a wand of clouds (4)
 t - a wand of polymorph (11)
Scrolls
 e - 3 scrolls of remove curse
 f - a scroll of identify
 o - a scroll of teleportation
Potions
 k - 2 potions of curing
 l - 2 potions of might
 m - a potion of lignification
 p - a potion of brilliance
 r - a potion of mutation
 u - a potion of heal wounds
Comestibles
 b - 3 bread rations
 c - 3 royal jellies
 h - 2 meat rations


   Skills:
 + Level 4.2 Fighting
 + Level 4.3 Dodging
 - Level 1.0 Stealth
 * Level 6.8 Unarmed Combat


You had 6 spell levels left.
You didn't know any spells.

Dungeon Overview and Level Annotations

Branches:
Dungeon (5/15)
 Temple: D:4-7

Altars:
Cheibriados
Fedhas
Kikubaaqudgha
Okawaru
Sif Muna
Zin

Annotations:
D:5 dvd's ghost, novice MiFi


Innate Abilities, Weirdness & Mutations

You are too large for most types of armour.
You have claws for hands.
Your metabolism is lightning-fast.
You like to eat raw meat.
Your natural rate of healing is unusually fast.
You are covered in fur. (AC +1)
You have very tough skin. (AC +2)


Message History

Dvd's ghost is severely damaged.
Dvd's ghost hits you.
You scratch dvd's ghost but do no damage.
Dvd's ghost is severely damaged.
Dvd's ghost hits you.
You closely miss dvd's ghost.
Dvd's ghost is severely damaged.
You barely miss dvd's ghost.
Dvd's ghost is severely damaged.
Dvd's ghost hits you!
You closely miss dvd's ghost. You claw dvd's ghost.
Dvd's ghost is severely damaged.
Dvd's ghost hits you!
* * * LOW HITPOINT WARNING * * *
You claw dvd's ghost!
Dvd's ghost is almost destroyed.
Dvd's ghost hits you!
* * * LOW HITPOINT WARNING * * *
Dvd's ghost hits you!
You die...

. ..
#.o(......##..# ##
#...#####.#
#.Z.#####...
######.......#####
........####(#
##..##..###
#..##....#
........#.##.#
.#..#...W@...# #.
##.......#
........#.#.## .
#####...#...
#.####### #.


You could see dvd's ghost.

Vanquished Creatures
  A phantom (D:4)
  3 ogres (D:4)
  A scorpion (D:4)
  A hound (D:4)
  2 orc priests (D:4)
  Ijyb (D:3)
  Terence (D:2)
  2 orc wizards (D:4)
  2 worker ants (D:4)
  A hound skeleton (D:5)
  2 gnolls (D:3)
  4 adders (D:2)
  An ooze (D:1)
  2 adder skeletons (D:4)
  2 worms
  A dart slug (D:1)
  A leopard gecko (D:1)
  7 orcs
  8 bats
  4 giant cockroaches
  16 goblins
  14 hobgoblins
  3 jackals (D:3)
  5 kobolds
  2 quokkas (D:3)
  4 frilled lizards
  A quokka zombie (D:5)
  6 rats
98 creatures vanquished.

Notes
Turn   | Place    | Note
-------+----------+-------------------------------------------
     0 | D:1      | kae the Troll Monk began the quest for the Orb.
     0 | D:1      | Reached XP level 1. HP: 22/22 MP: 0/0
    95 | D:1      | Reached XP level 2. HP: 29/29 MP: 1/1
   324 | D:1      | Reached XP level 3. HP: 31/36 MP: 2/2
   594 | D:2      | Found a snail-covered altar of Cheibriados.
   604 | D:2      | Noticed Terence
   630 | D:2      | Killed Terence
   630 | D:2      | Reached skill level 4 in Unarmed Combat
   630 | D:2      | Reached XP level 4. HP: 29/44 MP: 3/3
   720 | D:2      | Found a deep blue altar of Sif Muna.
   778 | D:2      | You fall through a shaft for 2 floors!
   792 | D:4      | Found a blossoming altar of Fedhas.
   793 | D:4      | Noticed an ogre
   804 | D:4      | Killed an ogre
   804 | D:4      | Reached XP level 5. HP: 27/53 MP: 4/4
   910 | D:4      | Found an ancient bone altar of Kikubaaqudgha.
  1364 | D:2      | Reached skill level 5 in Unarmed Combat
  1843 | D:3      | Found an iron altar of Okawaru.
  1958 | D:3      | Reached XP level 6. HP: 54/61 MP: 5/5
  2093 | D:3      | Noticed Ijyb
  2105 | D:3      | Killed Ijyb
  2164 | D:3      | Found a glowing silver altar of Zin.
  2678 | D:4      | Reached skill level 6 in Unarmed Combat
  2900 | D:4      | Reached XP level 7. HP: 50/68 MP: 6/6
  3391 | D:5      | Entered Level 5 of the Dungeon
  3438 | D:5      | Noticed dvd's ghost (novice MiFi)
  3632 | D:5      | Mangled by dvd's ghost

Vault maps used:
D:1:      minmay_arrival_wavy_path
D:2:      led_sif_pool, old_standard_altar, uniq_terence
D:3:      kennysheep_goblin_castle, okawaru_altar_gauntlet_db, zin_statuary
D:4:      kiku_gazebo_garden_becter, lemuel_round_altar
D:5:      first_bread, uniq_eustachio, uniq_blork_the_orc

Skill      XL: |  1  2  3  4  5  6  7 |
---------------+----------------------+-----
Unarmed Combat | 4 5 6 |  6.8
Dodging        | 3 4 |  4.3
Fighting       | 3 4 |  4.2
Stealth        | |  1.0

Action                   |  1- 3 |  4- 6 |  7- 9 || total
-------------------------+-------+-------+-------++-------
Melee: Unarmed           |    60 |   156 |    65 ||   281
       Punch             |     2 |     3 |     2 ||     7
  Use: Scroll            |     3 |       |    10 ||    13
       Potion            |     1 |     1 |     1 ||     3
 Stab: Sleeping          |     1 |     4 |       ||     5
  Eat: Chunk             |    11 |    20 |     7 ||    38
Armor: Robe              |    23 |    54 |    23 ||   100
       Skin              |       |       |     4 ||     4
Dodge: Dodged            |    37 |    92 |    31 ||   160

Table legend:
 A = Spawn XP
 B = Non-spawn XP
 C = Spawn XP percentage of total XP
 D = Spawn monster count
 E = Non-spawn monster count
 F = Spawn count percentage of total count
 G = Total turns spent on level
                    A         B        C        D         E        F      G
               +---------+---------+-------+---------+---------+-------+---------
         Total |       0 |    1159 |   0.0 |       0 |      98 |   0.0 |  3632
               +---------+---------+-------+---------+---------+-------+---------
           D:1 |       0 |      43 |   0.0 |       0 |      20 |   0.0 |   470
           D:2 |       0 |     126 |   0.0 |       0 |      25 |   0.0 |   688
           D:3 |       0 |     119 |   0.0 |       0 |      31 |   0.0 |   849
           D:4 |       0 |     852 |   0.0 |       0 |      20 |   0.0 |  1536
           D:5 |       0 |      19 |   0.0 |       0 |       2 |   0.0 |    89
               +---------+---------+-------+---------+---------+-------+---------
